 Dungeon Crawl Stone Soup version 0.21-a0-125-gb006224 (webtiles) character file.

640 ofcourse the Insei (level 7, -4/43 HPs)
             Began as an Octopode Transmuter on July 14, 2017.
             Splashed by a jelly's acid (5 damage)
             ... on level 5 of the Dungeon.
             The game lasted 00:08:59 (4406 turns).

ofcourse the Insei (Octopode Transmuter)            Turns: 4406, Time: 00:09:00

Health: -4/43      AC: -6    Str: 10    XL:     7   Next: 51%
Magic:  6/10       EV: 30    Int: 15    God:
Gold:   244        SH:  0    Dex: 24    Spells: 4/10 levels left

rFire    + . .     SeeInvis .     - Unarmed
rCold    x . .     Gourm    .   (shield currently unavailable)
rNeg     + . .     Faith    .   (helmet currently unavailable)
rPois    x         Spirit   .   q - amulet of regeneration
rElec    .         Reflect  .   e - ring of positive energy
rCorr    .         Harm     .   p - ring of fire
MR       .....                  (no ring)
Stlth    +++.......             (no ring)
HPRegen  0.54/turn              (no ring)
MPRegen  0.12/turn              (no ring)
                                (no ring)
                                (no ring)

@: agile, spider-form (expiring), corroded, very slightly contaminated
A: almost no armour, stealthy swim, (amphibious), 8 rings, (constrict 8)
a: End Transformation


You were on level 5 of the Dungeon.
You were very hungry.
You were a venomous arachnid creature.
You visited 1 branch of the dungeon, and saw 5 of its levels.

You collected 244 gold pieces.

Inventory:

Hand Weapons
 l - a +0 blowgun
Missiles
 a - 25 arrows
 r - 18 poisoned needles
Jewellery
 e - a ring of positive energy (left front leg)
 n - an uncursed ring of loudness
 p - a ring of fire (right front leg)
 q - an amulet of regeneration (around neck)
Wands
 t - a wand of enslavement (9/24)
Scrolls
 d - a scroll of noise
 g - 3 scrolls of remove curse
 j - 2 scrolls of amnesia
 m - 2 scrolls of teleportation
 o - 4 scrolls of blinking
 x - 3 scrolls of enchant armour {unknown}
Potions
 f - 2 potions of berserk rage {unknown}
 k - a potion of agility
Books
 b - a book of Changes

   Spells                             Type                      Level
   a - Beastly Appendage              Transmutation                1
   b - Sticks to Snakes               Transmutation                2
   c - Spider Form                    Transmutation/Poison         3
   d - Ice Form                       Ice/Transmutation            4
   e - Blade Hands                    Transmutation                5
Comestibles
 c - 2 bread rations
 h - 3 meat rations
 i - 3 royal jellies


   Skills:
 - Level 1.0 Fighting
 + Level 5.1 Dodging
 + Level 5.3 Unarmed Combat
 - Level 2.0 Spellcasting
 + Level 4.8 Transmutations


You had 4 spell levels left.
You knew the following spells:

 Your Spells              Type           Power        Failure   Level  Hunger
a - Beastly Appendage     Tmut           ###...       11%         1    #......
b - Sticks to Snakes      Tmut           ###.....     14%         2    ###....
c - Spider Form           Tmut/Pois      #.........   47%         3    ###....


Dungeon Overview and Level Annotations

Branches:
Dungeon (5/15)
 Temple: D:4-7

Altars:
Ashenzari
Elyvilon
Yredelemnul

Annotations:
D:4 Edmund, Menkaure


Innate Abilities, Weirdness & Mutations

You cannot wear most types of armour.
You are very stealthy in the water. (Stealth+)
((You are amphibious.))
You can wear up to eight rings at the same time.
((You can use your tentacles to constrict eight enemies at once.))
((Your skin changes colour to match your surroundings (Stealth+).))
((Your rubbery body absorbs attacks. (AC +1, EV +1)))


Message History

You feel agile all of a sudden. The jelly closely misses you.
Unknown command.
Your transformation is almost over.
You bite the jelly!
The jelly is poisoned.
Your front legs burn!
* * * LOW HITPOINT WARNING * * *
The jelly is severely wounded.
The jelly completely misses you.
You hit the jelly.
Your front legs burn!
* * * LOW HITPOINT WARNING * * *
The jelly is almost dead.
The jelly completely misses you.
Unknown command.
You hit the jelly but do no damage.
Your front legs burn!
* * * LOW HITPOINT WARNING * * *
The jelly is almost dead.
The jelly closely misses you.
Unknown command.
You hit the jelly but do no damage.
Your front legs burn!
You die...

##.## #. #%# #. ###.# #S
#...# #. #.### #. #.# #.
#.#
#.#######################.#
#...........Js............#
###########################


You could see a jelly.

Vanquished Creatures
  Sigmund (D:4)
  A sky beast (D:5)
  An ogre (D:4)
  A hound (D:4)
  An orc wizard (D:4)
  Ijyb (D:3)
  A worker ant (D:3)
  Natasha (twice) (D:2 D:1)
  5 adders
  2 oozes
  An adder skeleton (D:3)
  2 worms (D:2)
  2 dart slugs
  2 leopard geckos
  3 orcs
  A ball python (D:3)
  6 bats
  6 giant cockroaches
  6 hobgoblins
  5 jackals (D:1)
  3 quokkas
  3 frilled lizards
  10 goblins
  13 kobolds
  9 rats
88 creatures vanquished.

Notes
Turn   | Place    | Note
-------+----------+-------------------------------------------
     0 | D:1      | ofcourse the Octopode Transmuter began the quest for the Orb.
     0 | D:1      | Reached XP level 1. HP: 13/13 MP: 3/3
   125 | D:1      | Reached XP level 2. HP: 18/18 MP: 3/5
   754 | D:1      | Reached XP level 3. HP: 23/23 MP: 6/6
  1297 | D:2      | Learned a level 2 spell: Sticks to Snakes
  1301 | D:2      | Learned a level 3 spell: Spider Form
  1332 | D:2      | Reached XP level 4. HP: 28/28 MP: 5/7
  1396 | D:2      | Noticed Natasha
  1404 | D:2      | Killed Natasha
  1542 | D:2      | Noticed Natasha
  1593 | D:1      | Killed Natasha
  1898 | D:2      | Found a shattered altar of Ashenzari.
  2003 | D:2      | Reached XP level 5. HP: 27/33 MP: 8/8
  3029 | D:3      | Found a basalt altar of Yredelemnul.
  3070 | D:3      | Noticed Ijyb
  3077 | D:3      | Paralysed by Ijyb for 7 turns
  3100 | D:3      | Paralysed by Ijyb for 2 turns
  3110 | D:3      | Paralysed by Ijyb for 7 turns
  3118 | D:3      | Killed Ijyb
  3574 | D:3      | Found a white marble altar of Elyvilon.
  3635 | D:4      | Reached XP level 6. HP: 38/38 MP: 5/9
  3797 | D:4      | Noticed Menkaure
  4029 | D:4      | Noticed Sigmund
  4039 | D:4      | Killed Sigmund
  4039 | D:4      | Reached skill level 5 in Unarmed Combat
  4039 | D:4      | Reached XP level 7. HP: 27/43 MP: 0/10
  4266 | D:4      | Noticed Edmund
  4278 | D:5      | Entered Level 5 of the Dungeon
  4301 | D:5      | Reached skill level 5 in Dodging
  4405 | D:5      | HP: 1/43 [acid (5)]
  4406 | D:5      | Splashed by a jelly's acid

Vault maps used:
D:1:      sevenhm_arrival_forest_fort_large_2, minmay_tromino_v4_c
D:2:      nicolae_ashenzari_panopticon, uniq_natasha
D:3:      kennysheep_ying_yang, first_bread, palyth_stone_intersect, uniq_ijyb
D:4:      uniq_menkaure, uniq_sigmund, uniq_edmund
D:5:      nicolae_ossuary_entry_giza, minivault_27

Skill      XL: |  1  2  3  4  5  6  7 |
---------------+----------------------+-----
Transmutations | 3 4 |  4.8
Dodging        | 3 4 5 |  5.1
Unarmed Combat | 4 5 |  5.3
Fighting       | |  1.0
Spellcasting   | |  2.0

Action                   |  1- 3 |  4- 6 |  7- 9 || total
-------------------------+-------+-------+-------++-------
Melee: Unarmed           |    70 |   142 |    27 ||   239
       Constrict         |    24 |    26 |     1 ||    51
       Tentacles         |    11 |    20 |     2 ||    33
       Kick              |     8 |     6 |       ||    14
       Punch             |       |     1 |       ||     1
 Cast: Beastly Appendage |     9 |     9 |       ||    18
       Sticks to Snakes  |       |     6 |       ||     6
       Spider Form       |       |     7 |     4 ||    11
  Use: Scroll            |     4 |     7 |       ||    11
       Potion            |     1 |    10 |     1 ||    12
 Stab: Sleeping          |     1 |     7 |       ||     8
  Eat: Chunk             |     1 |    11 |     1 ||    13
Armor: Skin              |       |    11 |     3 ||    14
Dodge: Dodged            |    45 |    91 |    24 ||   160
